 Dungeon Crawl Stone Soup version 0.13.0-6-g40e4d2d (webtiles) character file.

1441 Jaijje the Basher (level 8, -3/67 HPs)
             Began as a Minotaur Fighter on Oct 14, 2013.
             Killed by divine providence
             ... invoked by an orc priest
              (12 damage)
             ... on Level 6 of the Dungeon.
             The game lasted 00:16:42 (3903 turns).

Jaijje the Basher (Minotaur Fighter)                Turns: 3903, Time: 00:16:42

HP  -3/67        AC  7     Str 22      XL: 8   Next: 26%
MP   2/2         EV  7     Int  5      God:
Gold 184         SH 20     Dex 11      Spells:  0 memorised,  7 levels left

Res.Fire  : . . .   See Invis. : .   v - +2,+0 flail (crush)
Res.Cold  : . . .   Warding    : .   b - +0 scale mail
Life Prot.: . . .   Conserve   : .   c - +0 shield
Res.Poison: .       Res.Corr.  : .   (helmet restricted)
Res.Elec. : .       Clarity    : .   (no cloak)
Sust.Abil.: . .     Spirit.Shd : .   (no gloves)
Res.Mut.  : .       Stasis     : .   (no boots)
Res.Rott. : .       Flight     : .   (no amulet)
Saprovore : . . .                    (no ring)
                                     (no ring)

@: slightly resistant to hostile enchantments, extremely unstealthy
A: retaliatory headbutt, horns 2
a: no special abilities


You were on level 6 of the Dungeon.
You were hungry.

You visited 1 branch of the dungeon, and saw 6 of its levels.

You collected 269 gold pieces.
You spent 105 gold pieces at shops.

Inventory:

Hand weapons
 a - a +0,+0 mace
 v - a +2,+0 flail of crushing (weapon)
 A - a +0 blowgun
Armour
 b - a +0 scale mail (worn)
 c - a +0 shield (worn)
Magical devices
 p - a wand of fireball (4) {unknown}
 C - a wand of polymorph (0)
 F - a wand of digging (11) {unknown}
 G - a wand of draining (6) {unknown}
Comestibles
 d - 2 bread rations
 g - an apple
 i - a choko
 j - 2 meat rations
 H - a pear
 L - a rotting chunk of giant frog flesh
Scrolls
 e - 4 scrolls of noise {unknown}
 h - 6 scrolls of remove curse {unknown}
 k - a scroll of curse armour {unknown}
 l - a scroll of blinking {unknown}
 m - a scroll of magic mapping {unknown}
 n - a scroll of curse weapon {unknown}
 r - a scroll of amnesia {unknown}
 t - 4 scrolls of identify
 u - a scroll of teleportation {unknown}
 z - a scroll of fear {unknown}
 B - a scroll of enchant armour
 E - a scroll of recharging {unknown}
Jewellery
 f - an uncursed ring of protection from cold {unknown}
 w - an uncursed ring of ice {unknown}
 J - an uncursed ring of protection from fire {unknown}
 O - an uncursed amulet of resist corrosion {unknown}
Potions
 o - a potion of paralysis {unknown}
 q - a potion of berserk rage {unknown}
 s - a potion of confusion {unknown}
 x - a potion of slowing {unknown}
 D - a potion of restore abilities {unknown}
 I - a potion of blood {unknown}
Books
 y - a book of Control

   Spells                             Type                      Level
   Control Teleport                   Charms/Translocation         4
   Control Undead                     Necromancy                   4
   Enslavement                        Hexes                        4
   Mass Confusion                     Hexes                        6
   Metabolic Englaciation             Hexes/Ice                    6
 K - a book of Transfigurations

   Spells                             Type                      Level
   Stoneskin                          Transmutation/Earth          2
   Polymorph                          Hexes/Transmutation          4
   Ice Form                           Ice/Transmutation            4
   Statue Form                        Transmutation/Earth          6
   Dragon Form                        Transmutation                7
 M - a book of Death

   Spells                             Type                      Level
   Corpse Rot                         Necromancy                   2
   Sublimation of Blood               Necromancy                   2
   Agony                              Necromancy                   5
   Dispel Undead                      Necromancy                   5
   Excruciating Wounds                Charms/Necromancy            5
   Bolt of Draining                   Conjuration/Necromancy       6


   Skills:
 + Level 4.3 Fighting
 + Level 11.1 Maces & Flails
 + Level 4.5 Armour
 + Level 4.5 Shields


You had 7 spell levels left.
You didn't know any spells.

Dungeon Overview and Level Annotations

Branches:
Dungeon (6/27)
 Temple: D:4-7          Orc: D:6-11

Altars:

Shops:
D:5 =[?(!

Annotations:
D:3 Sigmund
D:5 teukkam's ghost, experienced MiBe
D:6 Menkaure


Innate Abilities, Weirdness & Mutations

You reflexively headbutt those who attack you in melee.
You have a pair of horns on your head.


Message History

You kill the orc!
The orc priest's eyes start to glow.
The orc priest calls down the wrath of Beogh upon you.
Something smites you!
* * * LOW HITPOINT WARNING * * *
Drink which item? (? for menu, Esc to quit)
Okay, then.
You barely miss the orc.
The orc hits you with an orcish hand axe.
* * * LOW HITPOINT WARNING * * *
You hit the orc.
You kill the orc!
Drink which item? (? for menu, Esc to quit)
You feel better.
The orc priest invokes the aid of Beogh against you.
Pain shoots through your body!
* * * LOW HITPOINT WARNING * * *
The orc priest invokes the aid of Beogh against you.
Something smites you!
You die...

#.# #.......# #.....#######
#o###.......###.##.........
#..##..............#.......
##.##.......###.##.........
#)##....o..# #.#####.#####
#.#........# #....##.# #
#o#.#####)## #.##.##.# #
#.#.#####.# #.##.##.# #
#......##@# #....[..# ##
###.##.##.# ####.#### #.
#.##.##.### #.# #.
#..≈≈≈≈≈≈≈≈ ..# #.
##≈≈≈≈≈≈≈≈≈ #### #.
≈≈###≈≈### #. #≈≈# #≈≈+
######. #≈≈# #≈≈# #..[...
#≈≈≈ ≈≈≈≈ ......##.


You could see an orc priest.

Vanquished Creatures
  A hippogriff (D:6)
  An orc warrior (D:6)
  A phantom (D:4)
  A centaur (D:5)
  A giant goldfish (D:6)
  Duvessa (D:5)
  2 giant frogs (D:6)
  A wyvern zombie (D:6)
  A wight (D:6)
  Dowan (D:5)
  A crimson imp (D:6)
  A big fish (D:6)
  An iguana (D:5)
  2 orc wizards
  3 worker ants
  Ijyb (D:1)
  Jessica (D:3)
  7 adders
  4 giant mites
  A worm (D:4)
  An adder skeleton (D:6)
  A giant eyeball (D:6)
  3 giant geckos
  2 oozes
  14 orcs
  2 bat skeletons (D:4)
  7 giant cockroaches
  11 hobgoblins
  4 ball pythons
  20 bats
  A giant gecko skeleton (D:4)
  A giant newt (D:1)
  9 goblins
  4 jackals
  8 kobolds
  2 kobold skeletons
  3 quokkas (D:2)
  12 rats
138 creatures vanquished.

Notes
Turn   | Place    | Note
--------------------------------------------------------------
     0 | D:1      | Jaijje, the Minotaur Fighter, began the quest for the Orb.
     0 | D:1      | Reached XP level 1. HP: 19/19 MP: 0/0
   140 | D:1      | Reached XP level 2. HP: 24/26 MP: 0/0
   292 | D:1      | Reached XP level 3. HP: 21/33 MP: 1/1
   516 | D:2      | Noticed Ijyb
   534 | D:1      | Killed Ijyb
   534 | D:1      | Reached skill level 4 in Maces & Flails
   623 | D:2      | Reached XP level 4. HP: 29/39 MP: 1/1
   653 | D:2      | Reached skill level 5 in Maces & Flails
  1390 | D:3      | Noticed Jessica
  1407 | D:3      | Killed Jessica
  1407 | D:3      | Reached XP level 5. HP: 35/46 MP: 1/1
  1431 | D:3      | Reached skill level 6 in Maces & Flails
  1614 | D:3      | Noticed Sigmund
  1960 | D:4      | Noticed a phantom
  1988 | D:4      | Killed a phantom
  1988 | D:4      | Reached skill level 7 in Maces & Flails
  2163 | D:4      | Reached XP level 6. HP: 52/52 MP: 2/2
  2479 | D:5      | Entered Level 5 of the Dungeon
  2479 | D:5      | Found Uni Fomn's Antique Weapon Emporium.
  2555 | D:5      | Reached skill level 8 in Maces & Flails
  2565 | D:5      | Found Totici's Antique Armour Shop.
  2580 | D:5      | Found Zuann's Magic Scroll Shoppe.
  2585 | D:5      | Bought a scroll of enchant armour for 77 gold pieces
  2585 | D:5      | Bought a scroll of identify for 28 gold pieces
  2588 | D:5      | Noticed teukkam's ghost (experienced MiBe)
  2742 | D:5      | Noticed Duvessa
  2743 | D:5      | Noticed Dowan
  2768 | D:5      | Killed Duvessa
  2779 | D:5      | Killed Dowan
  2980 | D:5      | Reached XP level 7. HP: 53/59 MP: 2/2
  3027 | D:5      | Reached skill level 9 in Maces & Flails
  3028 | D:5      | Found Ithras' Jewellery Shop.
  3098 | D:5      | Found Utew's Distillery.
  3262 | D:6      | Paralysed by a giant eyeball for 2 turns
  3322 | D:6      | Noticed Menkaure
  3539 | D:6      | Reached skill level 10 in Maces & Flails
  3607 | D:6      | Reached XP level 8. HP: 35/66 MP: 2/2
  3803 | D:6      | Reached skill level 11 in Maces & Flails
  3903 | D:6      | Killed from afar by an orc priest

Action                   |  1- 3 |  4- 6 |  7- 9 || total
-------------------------+-------+-------+-------++-------
Melee: Mace              |    99 |    61 |       ||   160
       Flail             |       |   123 |    88 ||   211
       Unarmed           |       |     4 |       ||     4
  Use: Potion            |       |     1 |     1 ||     2
 Stab: Distracted        |       |     1 |       ||     1
